 Dungeon Crawl Stone Soup version 0.23.0 (webtiles) character file.

Game seed: 11750368713356348615

1293 Ijustatesigmund the Cleaver (level 8, -2/71 HPs)
             Began as a Hill Orc Fighter on Feb 9, 2019.
             Was an Initiate of Okawaru.
             Slain by a wraith (7 damage)
             ... in an ossuary.
             The game lasted 00:11:58 (5287 turns).

Ijustatesigmund the Cleaver (Hill Orc Fighter)      Turns: 5287, Time: 00:11:58

Health: -2/71      AC: 10    Str: 24    XL:     8   Next: 56%
Magic:  10/10      EV:  9    Int: 10    God:    Okawaru [......]
Gold:   218        SH: 10    Dex: 12    Spells: 7/7 levels left

rFire    . . .     SeeInvis .   a - +1 war axe
rCold    + . .     Gourm    .   c - +0 shield
rNeg     . . .     Faith    .   b - +0 ring mail
rPois    .         Spirit   .   (no helmet)
rElec    .         Reflect  .   (no cloak)
rCorr    .         Harm     .   j - +0 pair of gloves
MR       .....                  (no boots)
Stlth    +.........             (no amulet)
HPRegen  0.21/turn              r - ring of protection from cold
MPRegen  0.12/turn              (no ring)

@: mighty, berserk cooldown, slowed, lightly drained, very slow
A: icy blue scales 1, rugged brown scales 1, blink, clever 1
a: Blink, Renounce Religion


You were in an ossuary.
You worshipped Okawaru.
Okawaru was noncommittal.
You were not hungry.

You visited 2 branches of the dungeon, and saw 7 of its levels.
You also visited: Ossuary.

You collected 218 gold pieces.

Inventory:

Hand Weapons
 a - a +1 war axe (weapon)
 k - a +1 mace of protection
Armour
 b - a +0 ring mail (worn)
 c - a +0 shield (worn)
 j - a +0 pair of gloves (worn)
Jewellery
 m - an uncursed ring of ice
 r - a ring of protection from cold (left hand)
Wands
 x - a wand of acid (8)
Scrolls
 g - 6 scrolls of identify
 h - 6 scrolls of enchant armour
 i - 4 scrolls of teleportation
 n - 5 scrolls of remove curse
 o - a scroll of amnesia
 w - a scroll of blinking
 y - 3 scrolls of fog
Potions
 p - 4 potions of mutation
 q - a potion of flight
 s - 4 potions of curing
 t - 4 potions of agility
 v - 2 potions of lignification
 z - a potion of haste
Comestibles
 f - 3 rations


   Skills:
 + Level 5.6(5.3) Fighting
 + Level 8.4(8.1) Axes
 - Level 2.7(2.5) Throwing
 - Level 4.9(4.6) Armour
 - Level 2.4(2.2) Dodging
 - Level 4.1(3.8) Shields
 + Level 2.8(2.6) Invocations
 + Level 2.3(2.1) Evocations


You had 7 spell levels left.
You didn't know any spells.
Your spell library contained the following spells:

 Spells                   Type           Power        Failure   Level  Hunger
 Confusing Touch          Hex            #.....       94%         1    ##.....
 Confuse                  Hex            #.......     100%        3    ####...
 Gell's Gravitas          Tloc           #.........   100%        3    ####...
 Petrify                  Tmut/Erth      #.......     100%        4    #####..
 Metabolic Englaciation   Hex/Ice        #.........   100%        5    ######.
 Yara's Violent Unravell  Hex/Tmut       #.........   100%        5    ######.


Dungeon Overview and Level Annotations

Branches:
Dungeon (6/15)             Temple (1/1) D:6

Altars:
Ashenzari
Dithmenos
Fedhas
Hepliaklqana
Kikubaaqudgha
Makhleb
Nemelex Xobeh
Okawaru
Qazlal
Sif Muna
Trog
Vehumet
Wu Jian
Xom
Yredelemnul
The Shining One


Innate Abilities, Weirdness & Mutations

You are partially covered in icy blue scales. (AC +2)
You are partially covered in rugged brown scales. (AC +1, +3% HP)
You can translocate small distances at will.
Your mind is acute. (Int +2)


Message History

The wraith hits you!
You hit the wraith but do no damage.
The wraith is almost destroyed.
The wraith hits you!
* * * LOW HITPOINT WARNING * * *
The wraith hits you!
* * * LOW HITPOINT WARNING * * *
You feel much better. The wraith hits you!
* * * LOW HITPOINT WARNING * * *
The wraith barely misses you.
You closely miss the wraith.
The wraith is almost destroyed.
The wraith hits you!
* * * LOW HITPOINT WARNING * * *
The wraith drains your vigour!
You feel as though you will be slow longer.
You barely miss the wraith.
The wraith is almost destroyed.
You block the wraith's attack. The wraith hits you!
You die...

###########
#..........
#.'##.# .#
#@#.#.# .# #
#W###.###.###.#
#.)...........#
#.............#
#.###.....###
#.#z#.....#z# #
#.###.....###.#
#.............#
#.............#


You could see a wraith and a flying skull.

Vanquished Creatures
  A wraith (Ossuary)
  Edmund (D:5)
  An ice beast (D:5)
  An orc warrior (D:6)
  An ogre (D:4)
  2 wights (Ossuary)
  6 electric eels (D:5)
  A crimson imp (D:6)
  A howler monkey (D:4)
  A centaur skeleton (D:4)
  A hound (D:5)
  3 worker ants (D:4)
  An iguana (D:4)
  An orc wizard (D:4)
  A howler monkey zombie (D:5)
  9 adders
  An adder zombie (Ossuary)
  4 worms
  A dart slug (D:2)
  4 leopard geckos
  10 orcs
  12 bats
  2 giant cockroaches
  5 goblins
  4 hobgoblins
  6 jackals
  A quokka (D:4)
  A ball python (D:2)
  5 frilled lizards
  3 hobgoblin skeletons (Ossuary)
  2 hobgoblin zombies (Ossuary)
  A jackal zombie (D:6)
  6 kobolds
  3 kobold zombies
  An orc skeleton (Ossuary)
  An orc zombie (Ossuary)
  8 rats
113 creatures vanquished.

Vanquished Creatures (others)
  2 plants (D:5)
2 creatures vanquished.

Grand Total: 115 creatures vanquished

Notes
Turn   | Place    | Note
-------+----------+-------------------------------------------
     0 | D:1      | Ijustatesigmund the Hill Orc Fighter began the quest for
                  | the Orb.
     0 | D:1      | Reached XP level 1. HP: 19/19 MP: 1/1
    42 | D:1      | Reached skill level 3 in Axes
   142 | D:1      | Reached XP level 2. HP: 23/27 MP: 2/2
   584 | D:2      | Reached skill level 4 in Axes
   618 | D:2      | Reached XP level 3. HP: 33/33 MP: 3/3
   683 | D:2      | Found a glowing golden altar of the Shining One.
   684 | D:2      | Found a sparkling altar of Nemelex Xobeh.
   684 | D:2      | Found an ancient bone altar of Kikubaaqudgha.
   688 | D:2      | Found a burning altar of Makhleb.
   727 | D:2      | Found a shadowy altar of Dithmenos.
   795 | D:2      | Reached XP level 4. HP: 18/41 MP: 4/4
   799 | D:2      | Reached skill level 5 in Axes
  1370 | D:3      | Found a faded altar of an unknown god.
  1555 | D:3      | Reached XP level 5. HP: 43/47 MP: 5/5
  1953 | D:4      | Noticed an ogre
  1957 | D:4      | HP: 2/47 [ogre/+0 giant club (22)]
  1960 | D:4      | Killed an ogre
  1960 | D:4      | Reached skill level 6 in Axes
  1960 | D:4      | Reached skill level 1 in Throwing
  1960 | D:4      | Reached skill level 1 in Dodging
  1963 | D:4      | Reached XP level 6. HP: 25/55 MP: 6/6
  2966 | D:4      | Found an ornate altar of the Wu Jian Council.
  3000 | D:5      | Entered Level 5 of the Dungeon
  3008 | D:5      | Noticed an ice beast
  3021 | D:5      | Killed an ice beast
  3021 | D:5      | Reached XP level 7. HP: 28/60 MP: 7/7
  3133 | D:5      | Noticed Edmund
  3146 | D:5      | Killed Edmund
  3146 | D:5      | Reached skill level 7 in Axes
  3179 | D:5      | Gained mutation: You are partially covered in icy blue
                  | scales. (AC +2) [potion of mutation]
  3179 | D:5      | Gained mutation: You are partially covered in rugged brown
                  | scales. (AC +1, +3% HP) [potion of mutation]
  3179 | D:5      | Gained mutation: You can translocate small distances at
                  | will. [potion of mutation]
  3179 | D:5      | Gained mutation: Your mind is acute. (Int +2) [potion of
                  | mutation]
  3854 | D:5      | Reached skill level 1 in Evocations
  4399 | D:5      | Reached XP level 8. HP: 48/69 MP: 9/9
  4817 | D:6      | Found a staircase to the Ecumenical Temple.
  4832 | Temple   | Entered the Ecumenical Temple
  4846 | Temple   | Became a worshipper of Warmaster Okawaru
  4875 | D:6      | Found a blossoming altar of Fedhas.
  4939 | D:6      | Found a sand-covered staircase.
  4962 | D:6      | Reached skill level 5 in Fighting
  4962 | D:6      | Reached skill level 8 in Axes
  4962 | D:6      | Reached skill level 1 in Invocations
  5078 | Ossuary  | Entered an ossuary
  5209 | Ossuary  | Noticed a wraith
  5209 | Ossuary  | Noticed a flying skull
  5215 | Ossuary  | Noticed a flying skull
  5216 | Ossuary  | Noticed a flying skull
  5243 | Ossuary  | Noticed a wraith
  5246 | Ossuary  | Noticed a wraith
  5250 | Ossuary  | Noticed a flying skull
  5265 | Ossuary  | Killed a wraith
  5287 | Ossuary  | Slain by a wraith

Skill      XL: |  1  2  3  4  5  6  7  8 |
---------------+-------------------------+-----
Axes           | 3 4 5 6 7 8 |  8.4
Fighting       | 4 5 |  5.6
Throwing       | 1 2 |  2.7
Dodging        | 1 2 |  2.4
Armour         | 4 |  4.9
Evocations     | 1 2 |  2.3
Shields        | 4 |  4.1
Invocations    | 2 |  2.8

Action                   |  1- 3 |  4- 6 |  7- 9 || total
-------------------------+-------+-------+-------++-------
Melee: War axe           |   106 |   156 |   129 ||   391
Evoke: Wand              |       |       |    12 ||    12
  Use: Scroll            |     4 |     2 |    11 ||    17
       Potion            |     1 |     1 |     7 ||     9
  Eat: Chunk             |       |     4 |     2 ||     6
       Ration            |       |     1 |     2 ||     3
Armor: Scale mail        |     9 |       |       ||     9
       Ring mail         |    49 |    45 |    33 ||   127
Dodge: Dodged            |    40 |    63 |    39 ||   142
Block: Shield            |    82 |    77 |    61 ||   220
